 Dungeon Crawl Stone Soup version 0.28.0-53-g5a82cb258f (webtiles) character file.

Game seed: 10486673123767393354

102318 112233 the Spry (level 15, 0/72 HPs)
             Began as a Felid Earth Elementalist on Aug 25, 2022.
             Was a High Priest of Vehumet.
             Slain by a spriggan defender
             ... wielding a +3 rapier of draining
             ... led by the Enchantress
              (8 damage)
             ... on level 1 of the Depths.
             The game lasted 01:32:29 (68570 turns).

112233 the Spry (Felid Earth Elementalist)         Turns: 68570, Time: 01:32:29

Health: 0/72       AC: 17    Str:  4    XL:     15   Next: 85%
Magic:  34/34      EV: 36    Int: 29    God:    Vehumet [*****.]
Gold:   1115       SH:  0    Dex: 18    Spells: 2/43 levels left
                                        Lives:  0   Deaths: 3

rFire   . . .      SeeInvis +     - Unarmed
rCold   . . .      Faith    +   (shield unavailable)
rNeg    . . .      Spirit   .   (armour unavailable)
rPois   ∞          Reflect  .   (helmet unavailable)
rElec   +          Harm     .   (cloak unavailable)
rCorr   .          Rampage  .   (gloves unavailable)
Will    ++...                   (boots unavailable)
Stlth   ++........              R - amulet of faith
HPRegen 0.22/turn               w - ring of wizardry
MPRegen 0.24/turn               U - +6 ring of intelligence

@: storm-form, flying, hasted and slowed
A: cleaving, flying, very small, (claws 1), (fangs 3), see invisible, (speed 1),
(shaggy fur 3), (stealthy paws), no weapons or thrown items, no armour,
multi-lived, screaming 1
a: Blinkbolt, End Transformation, Renounce Religion


You were on level 1 of the Depths.
You worshipped Vehumet.
Vehumet was extremely pleased with you.
You were a lightning-filled tempest!
You visited 6 branches of the dungeon, and saw 28 of its levels.
You visited the Abyss 1 time.
You also visited: Bailey and Gauntlet.

You collected 2771 gold pieces.
You spent 1656 gold pieces at shops.

Inventory:

Missiles
 C - 486 stones
Jewellery
 a - a ring of ice
 b - a ring of magical power
 d - a ring of poison resistance
 e - a +4 ring of evasion
 i - a +4 ring of protection
 w - a ring of wizardry (left paw)
 B - a +6 ring of intelligence
 E - a +4 ring of protection
 F - an amulet of guardian spirit
 R - an amulet of faith (around neck)
 T - the amulet of Movepipu {Reflect Rampage rPois Str+7 Slay-3 SH+5}
   (You found it in a Gauntlet)

   [amulet of reflection]

   It reflects blocked missile attacks.
   Str:       It affects your strength (+7).
   Slay:      It affects your accuracy & damage with ranged weapons and melee
   (-3).
   rPois:     It protects you from poison.
   SH:        It affects your SH (+5).
   Rampage:   It bestows one free step when moving towards enemies.
 U - a +6 ring of intelligence (right paw)
 W - a ring of flight
Wands
 h - a wand of mindburst (2)
 u - a wand of charming (9)
 A - a wand of polymorph (24)
 L - a wand of flame (34)
 M - a wand of iceblast (11)
 Q - a wand of digging (5)
 S - a wand of acid (3)
Scrolls
 j - 5 scrolls of vulnerability
 p - 4 scrolls of immolation
 r - a scroll of brand weapon {unknown}
 x - a scroll of silence
 y - a scroll of holy word
 D - 7 scrolls of fog
 G - 2 scrolls of magic mapping
 V - 7 scrolls of identify
 X - a scroll of amnesia
Potions
 c - 6 potions of attraction
 f - a potion of resistance
 g - 4 potions of mutation
 k - 4 potions of cancellation
 l - 11 potions of ambrosia
 o - 7 potions of might
 q - 3 potions of flight
 s - 4 potions of berserk rage
 v - 6 potions of lignification
 H - 2 potions of invisibility
 I - a potion of magic
 J - 7 potions of haste
 O - 2 potions of brilliance
 P - 3 potions of curing
Miscellaneous
 z - a condenser vane (inert)
 Y - a phial of floods
 Z - a box of beasts


   Skills:
 + Level 12.3 Fighting
 + Level 15.8 Dodging
 - Level 2.9 Stealth
 + Level 9.0 Unarmed Combat
 + Level 14.9 Spellcasting
 - Level 9.8 Conjurations
 + Level 13.1 Transmutations
 + Level 11.2 Air Magic
 - Level 7.0 Earth Magic


You had 2 spell levels left.
You knew the following spells:

 Your Spells              Type           Power      Damage    Failure   Level
a - Iron Shot             Conj/Erth      31%        9d6       1%          6
b - Storm Form            Tmut/Air       37%        N/A       5%          7
c - Lightning Bolt        Conj/Air       35%        1d53      1%          5
d - Passwall              Tmut/Erth      57%        N/A       1%          2
e - Freezing Cloud        Conj/Ice/Air   29%        6-21      1%          5
f - Stone Arrow           Conj/Erth      100%       3d13      1%          3
g - Wereblood             Tmut           78%        N/A       0%          2
h - Lee's Rapid Deconstr  Erth           29%        3d16*     1%          5
i - Sandblast             Erth           100%       2d20      1%          1
j - Irradiate             Conj/Tmut      36%        3d25      1%          5

Your spell library contained the following spells:

 Spells                   Type           Power      Damage    Failure   Level
 Lehudib's Crystal Spear  Conj/Erth      31%        10d8      41%         8
 Pain                     Necr           84%        1d8       1%          1
 Scorch                   Fire           42%        2d7       1%          2
 Sublimation of Blood     Necr           21%        N/A       1%          2
 Conjure Flame            Conj/Fire      50%        6-21      1%          3
 Frozen Ramparts          Ice            42%        1d6       1%          3
 Ignite Poison            Fire/Tmut/Pois 47%        N/A       1%          3
 Inner Flame              Hex/Fire       21%        N/A       1%          3
 Airstrike                Air            36%        N/A       1%          4
 Flame Wave               Conj/Fire      50%        2d10      1%          4
 Ice Form                 Ice/Tmut       56%        N/A       1%          4
 Petrify                  Tmut/Erth      69%        N/A       1%          4
 Sticky Flame             Conj/Fire      50%        2d7       1%          4
 Summon Lightning Spire   Summ/Air       52%        N/A       1%          4
 Fireball                 Conj/Fire      25%        3d11      1%          5
 Iskenderun's Battlesphe  Conj           68%        2d12      1%          5
 Yara's Violent Unravell  Hex/Tmut       28%        3d12      1%          5
 Conjure Ball Lightning   Conj/Air       35%        3x3d11    1%          6
 Gell's Gravitas          Tloc           21%        N/A       2%          3
 Lesser Beckoning         Tloc           21%        N/A       2%          3
 Teleport Other           Tloc           21%        N/A       2%          3
 Tukima's Dance           Hex            21%        N/A       2%          3
 Orb of Destruction       Conj           34%        9d10      4%          7
 Cause Fear               Hex            10%        N/A       9%          4
 Passage of Golubria      Tloc           21%        N/A       9%          4
 Summon Ice Beast         Ice/Summ       21%        N/A       9%          4
 Maxwell's Capacitive Co  Air            36%        ∞         16%         8
 Agony                    Necr           21%        N/A       26%         5
 Summon Cactus Giant      Summ           10%        N/A       77%         6
 Summon Hydra             Summ           10%        N/A       99%         7
 Discord                  Hex            10%        N/A       100%        8
 Excruciating Wounds      Necr           Unusable   N/A       N/A         5

Dungeon Overview and Level Annotations

Branches:
Dungeon (15/15)            Temple (0/1) D:7            Lair (6/6) D:10
 Shoals (0/4) Lair:3        Snake (1/4) Lair:4        Slime (0/5) Lair:6
    Orc (2/2) D:12            Elf (3/3) Orc:2        Vaults (0/5) D:14
 Depths (1/4) D:15         Bailey (visited)         Gauntlet (visited)

Altars:
Elyvilon
Gozag
Nemelex Xobeh
Sif Muna
Vehumet
Xom
Yredelemnul

Shops:
D:4 !   D:6 :   D:7 *   D:11 ?!?   D:12 *   D:14 =   Orc:2 [?((!   Elf:1 *

Annotations:
D:1 exclusion: downstairs
D:3 exclusion: downstairs
D:6 exclusion: 2 downstairs
D:7 exclusion: downstairs
D:8 exclusions: downstairs and upstairs
D:13 exclusion: downstairs
D:14 exclusion: upstairs
Lair:5 2 transporters, exclusion: downstairs, Venard's ghost, journeyman MiFi
Snake:1 Nikola
Elf:2 3 runed translucent doors
Depths:1 the Enchantress


Innate Abilities, Weirdness & Mutations

You are a lightning-filled tempest!
Your electrical attacks strike out in all directions at once.
You are incredibly evasive.
You are flying.
You are immune to poison.
((You have sharp claws.))
((You have razor-sharp teeth.))
You have supernaturally acute eyesight. (SInv)
((You cover ground quickly. (Speed+)))
((Your thick and shaggy fur keeps you warm. (AC +3, rC+)))
((Your paws help you pounce on unaware monsters.))
You are incapable of wielding weapons or throwing items.
You cannot wear armour.
You gain extra lives every three experience levels.
You occasionally shout uncontrollably at your foes.


Message History

The deep troll earth mage looks frightened!
The deep troll looks frightened!
Vehumet accepts your kill.
You feel a bit more experienced.
The spriggan air mage is engulfed in noxious fumes.
The spriggan air mage appears confused.
The spriggan air mage is engulfed in noxious fumes.
The deep troll is engulfed in noxious fumes.
The deep troll barely misses something.
The deep troll claws something!!
The deep troll claws something!
Vehumet accepts your kill.
You feel a bit more experienced. The Enchantress casts a spell at you.
You feel firmly anchored in space. Vehumet accepts your kill.
You feel a bit more experienced. Vehumet accepts your kill.
You hear a splash.
You feel a bit more experienced.
Your Unarmed Combat skill increases to level 9!
There is an open door here.
The Enchantress misses you. The Enchantress casts a spell at you.
You resist with significant effort.
There is an open door here.
The Enchantress gestures at you while chanting.
You feel yourself slow down.
You feel yourself speed up.
The Enchantress gestures at you while chanting.
You feel as though you will be slow longer.
Unknown command.
You feel your willpower return. The Enchantress completely misses you.
There is an open door, spattered with blood here.
Things that are here:
a +0 dagger; a +0 robe; a human corpse The spriggan defender hits you but does no damage.
You are no longer firmly anchored in space.
The spriggan defender hits you with a +3 rapier of draining!
You die...

#.# #.# #.# #.# #.#
#.# #####'## ######+#
#......# #.......
#.<.vi.# #......[
#.....i### #.......
#......i.### #.......
#......#[i.###.......
#......###...'.......
#......# #####.......
#......# #.......
#......# ##'#####
######## #i####


You could see the Enchantress (repels missiles) and 3 spriggan defenders.

Vanquished Creatures
  Jorgrun (D:13)
  Asterion (Elf:3)
  Frances (D:13)
  Agnes (D:14)
  Louise (D:14)
  A deep elf sorcerer (Elf:2)
  A deep elf elementalist (Elf:2)
  2 deep elf demonologists (Elf:2)
  Snorg (D:14)
  A deep elf death mage (Elf:2)
  Josephine (Orc:1)
  15 hydras
  Harold (Orc:2)
  An ice dragon (D:14)
  3 naga warriors (Snake:1)
  A merfolk avatar (Lair:6)
  2 spriggan air magi (Depths:1)
  4 boulder beetles
  A vault guard (D:14)
  2 rakshasas
  A catoblepas (Lair:6)
  An ogre mage (D:12)
  5 centaur warriors
  A deep troll earth mage (Depths:1)
  3 anacondas (Snake:1)
  2 two-headed ogres
  19 dancing weapons
  18 death yaks
  2 tengu warriors
  5 orc high priests
  Sonja (D:13)
  11 deep elf knights
  An iron troll (Depths:1)
  2 sea snakes (Lair:6)
  2 skeletal warriors (D:15)
  A flayed ghost (D:15)
  3 naga ritualists (Snake:1)
  2 deep trolls (Depths:1)
  A tengu zombie (D:15)
  10 deep elf archers
  14 deep elf zephyrmancers
  2 wizards
  7 mana vipers (Snake:1)
  4 harpies
  20 deep elf pyromancers
  Pikel (D:9)
  A necromancer (D:15)
  7 orc sorcerers (Orc:2)
  6 orc knights
  2 salamanders (Snake:1)
  3 manticores
  A fire giant zombie (D:15)
  A tengu skeleton (D:15)
  2 ugly things
  6 cyclopes
  9 elephants
  16 black mambas
  5 naga magi (Snake:1)
  A torpor snail (Lair:6)
  An eye of devastation (Lair:6)
  An unseen horror (D:12)
  2 gargoyles
  3 kobold demonologists
  8 cane toads
  2 efreet (D:14)
  2 freezing wraiths
  3 yaktaurs (D:13)
  4 rime drakes
  14 komodo dragons
  A spriggan skeleton (D:15)
  A queen bee (Lair:3)
  5 polar bears
  9 meliai
  5 trolls
  A wind drake (shapeshifter) (Elf:3)
  10 slime creatures
  A raiju (Gauntlet)
  15 dream sheep
  2 hornets
  A slime creature (shapeshifter) (D:12)
  A blink frog (shapeshifter) (D:12)
  10 blink frogs
  A snapping turtle (Lair:3)
  A meliai zombie (D:11)
  3 vampires
  3 air elementals
  3 shadows
  3 spriggans (Depths:1)
  63 yaks
  3 fire elementals
  A water elemental (Elf:2)
  9 wraiths
  5 humans (Lair:5)
  3 wyverns
  4 basilisks
  Grum (D:9)
  5 steam dragons
  6 wargs
  9 nagas
  7 water moccasins
  An acid dragon (shapeshifter) (D:15)
  An acid dragon (D:13)
  A floating eye (Lair:6)
  A black bear (shapeshifter) (D:13)
  A hornet zombie (D:6)
  27 orc warriors
  A sky beast (D:7)
  3 black bears
  10 wolves
  18 centaurs
  5 ogres
  A necrophage (D:6)
  4 lemures
  A phantom (D:5)
  5 kobold brigands
  13 bullfrogs
  A gnoll sergeant (D:8)
  2 earth elementals (Elf:1)
  A scorpion (Lair:1)
  A wyvern skeleton (D:7)
  2 water moccasin skeletons
  29 killer bees
  4 electric eels
  2 howler monkeys (D:12)
  8 vampire bats (Bailey)
  4 wolf zombies (Bailey)
  7 centaur zombies
  4 crimson imps (D:9)
  3 hounds
  A gnoll shaman (D:8)
  7 iguanas
  3 jellies
  14 orc priests
  A centaur skeleton (D:6)
  Jessica (D:3)
  2 bullfrog skeletons
  Terence (D:3)
  19 orc wizards
  2 lightning spires (Gauntlet)
  A killer bee zombie (D:6)
  2 howler monkey zombies (D:9)
  16 gnolls
  9 adders
  2 shadow imps
  A white imp (D:6)
  An ufetubus (D:6)
  3 dart slugs
  68 orcs
  6 endoplasms
  4 giant cockroaches
  12 goblins
  7 hobgoblins
  3 quokkas
  6 ball pythons
  2 bats (D:1)
  3 frilled lizards
  20 kobolds
  19 orc zombies (Bailey)
  5 rats
875 creatures vanquished.

Vanquished Creatures (collateral kills)
  A kobold demonologist (D:11)
  A kobold brigand (D:11)
  3 kobolds (D:11)
5 creatures vanquished.

Vanquished Creatures (others)
  A kobold brigand (D:11)
  2 orcs
  50 fungi
  63 plants
  15 withered plants
131 creatures vanquished.

Grand Total: 1011 creatures vanquished

Notes
Turn   | Place    | Note
-------+----------+-------------------------------------------
     0 | D:1      | 112233 the Felid Earth Elementalist began the quest for the
                  | Orb.
     0 | D:1      | Reached XP level 1. HP: 7/7 MP: 4/4
   344 | D:1      | Reached skill level 3 in Dodging
   344 | D:1      | Reached XP level 2. HP: 11/11 MP: 3/6
  1163 | D:2      | Reached XP level 3. HP: 14/14 MP: 5/7
  1342 | D:2      | Learned a level 3 spell: Stone Arrow
  1345 | D:2      | Learned a level 2 spell: Passwall
  1392 | D:2      | Noticed Terence
  1536 | D:3      | Identified the +0 robe of the Swan {rElec Regen+ rCorr}
  2164 | D:3      | Reached XP level 4. HP: 10/18 MP: 9/9
  2253 | D:3      | Noticed Jessica
  2348 | D:3      | Reached skill level 1 in Conjurations
  2759 | D:3      | Reached XP level 5. HP: 17/21 MP: 10/10
  2974 | D:4      | Found a white marble altar of Elyvilon.
  3193 | D:4      | Found Fetzou's Distillery.
  3295 | D:4      | Bought a potion of curing for 33 gold pieces
  3295 | D:4      | Bought a potion of might for 44 gold pieces
  3326 | D:3      | Killed Jessica
  3327 | D:3      | Gained mutation: You are covered in thick fur. (AC +2)
                  | [Felid growth]
  3327 | D:3      | Reached XP level 6. HP: 24/24 MP: 12/12
  3816 | D:3      | Killed Terence
  4482 | D:2      | You fall into a shaft and drop 1 floor!
  5371 | D:5      | Entered Level 5 of the Dungeon
  5554 | D:5      | Reached XP level 7. HP: 27/27 MP: 14/14
  5727 | D:5      | Reached skill level 5 in Earth Magic
  6787 | D:6      | Reached skill level 5 in Spellcasting
  7284 | D:6      | Found Fuji's Book Emporium.
  7395 | D:6      | Found a radiant altar of Vehumet.
  7482 | D:6      | Became a worshipper of Vehumet
  7686 | D:6      | Reached XP level 8. HP: 31/31 MP: 13/16
  8085 | D:7      | Found a staircase to the Ecumenical Temple.
  8234 | D:7      | Found Alovuxku's CLEARANCE SALE!.
  8275 | D:7      | Noticed a boulder beetle
  8326 | D:7      | Reached skill level 1 in Fighting
  8452 | D:7      | Reached skill level 4 in Dodging
  9068 | D:8      | Reached skill level 5 in Conjurations
  9106 | D:8      | Learned a level 5 spell: Lightning Bolt
  9158 | D:8      | Reached XP level 9. HP: 36/36 MP: 11/19
  9330 | D:8      | Reached skill level 5 in Dodging
  9330 | D:8      | Reached skill level 1 in Air Magic
  9955 | D:8      | Noticed a kobold demonologist
  9964 | D:8      | Noticed a sun demon
  9964 | D:8      | Killed a kobold demonologist
 10303 | D:8      | Noticed a rakshasa
 10303 | D:8      | Noticed a cyclops
 10369 | D:8      | Reached * piety under Vehumet
 10369 | D:8      | Offered knowledge of Magic Dart by Vehumet.
 10680 | D:8      | Learned a level 4 spell: Petrify
 10751 | D:9      | Noticed Pikel
 11549 | D:9      | Reached skill level 6 in Dodging
 12055 | D:9      | Noticed Grum
 12234 | D:9      | Killed Grum
 12564 | D:9      | Reached XP level 10. HP: 42/42 MP: 22/22
 13292 | D:9      | Found a shimmering altar of Xom.
 13726 | D:9      | Reached skill level 7 in Dodging
 13865 | D:9      | Noticed a manticore
 13865 | D:9      | Noticed a tengu warrior
 13901 | D:10     | Entered Level 10 of the Dungeon
 14188 | D:10     | Found a staircase to the Lair.
 14454 | D:10     | Noticed a two-headed ogre
 14460 | D:10     | Killed a two-headed ogre
 14714 | D:10     | Found a flagged portal.
 14729 | Bailey   | Entered a bailey
 14790 | Bailey   | Reached ** piety under Vehumet
 14830 | Bailey   | Offered knowledge of Shock by Vehumet.
 14963 | Bailey   | Noticed a gargoyle
 14970 | Bailey   | Killed a gargoyle
 14971 | Bailey   | Reached skill level 5 in Fighting
 14971 | Bailey   | Reached skill level 5 in Transmutations
 15898 | Bailey   | Identified the +4 whip "Fehaq" {vorpal, Contam rElec Str+2
                  | Dex+6}
 15900 | Bailey   | Identified the +0 robe "Piuhatwa" {Harm Drain SInv Stlth-}
 16435 | D:11     | Found Otoahomu's Magic Scroll Shop.
 16439 | D:11     | Offered knowledge of Searing Ray by Vehumet.
 16440 | D:11     | Reached XP level 11. HP: 45/48 MP: 23/25
 16489 | D:11     | Bought a scroll of identify for 28 gold pieces
 16489 | D:11     | Bought 2 scrolls of identify for 56 gold pieces
 16489 | D:11     | Bought a scroll of identify for 28 gold pieces
 16489 | D:11     | Bought a scroll of fog for 28 gold pieces
 16489 | D:11     | Bought a scroll of teleportation for 42 gold pieces
 16489 | D:11     | Bought a scroll of noise for 14 gold pieces
 16489 | D:11     | Noticed a four-headed hydra
 16501 | D:11     | Killed a four-headed hydra
 16889 | D:11     | Reached skill level 8 in Dodging
 17066 | D:11     | Found Niduch's Distillery.
 17074 | D:11     | Bought a potion of degeneration for 15 gold pieces
 17092 | D:11     | Found Tippud's Magic Scroll Emporium.
 17098 | D:11     | Bought a scroll of magic mapping for 49 gold pieces
 17098 | D:11     | Bought a scroll of identify for 28 gold pieces
 17098 | D:11     | Bought a scroll of identify for 28 gold pieces
 17098 | D:11     | Bought a scroll of identify for 28 gold pieces
 17424 | D:9      | Killed Pikel
 17533 | D:9      | Killed a tengu warrior
 17615 | D:9      | Reached *** piety under Vehumet
 17817 | D:9      | Noticed a boulder beetle
 18695 | D:7      | Found an opulent altar of Gozag.
 18695 | D:7      | Found a basalt altar of Yredelemnul.
 18912 | D:7      | Killed a boulder beetle
 19563 | D:8      | Killed a rakshasa
 19564 | D:8      | Reached skill level 5 in Air Magic
 20264 | D:9      | Killed a boulder beetle
 20265 | D:9      | Reached skill level 10 in Spellcasting
 20758 | D:10     | Offered knowledge of Dazzling Flash by Vehumet.
 20764 | D:10     | Learned a level 4 spell: Airstrike
 20986 | D:11     | Reached skill level 9 in Dodging
 21338 | D:12     | Found a staircase to the Orcish Mines.
 21403 | D:12     | Gained mutation: Your thick and shaggy fur keeps you warm.
                  | (AC +3, rC+) [Felid growth]
 21403 | D:12     | Reached XP level 12. HP: 52/52 MP: 21/27
 22151 | D:12     | Noticed an ogre mage
 22319 | D:12     | Killed an ogre mage
 22512 | D:12     | Noticed an eight-headed hydra
 22513 | D:12     | Found Ampaite's Fire Supplies.
 22519 | D:12     | Killed an eight-headed hydra
 22838 | D:12     | Found a basalt altar of Yredelemnul.
 23013 | D:13     | Noticed Frances
 23016 | D:13     | Noticed a centaur warrior
 23037 | D:13     | Noticed a centaur warrior
 23046 | D:13     | Killed a centaur warrior
 23046 | D:13     | Reached **** piety under Vehumet
 23049 | D:13     | Noticed Jorgrun
 23180 | D:14     | Found Jeubungocio's Jewellery Shoppe.
 23186 | D:14     | Noticed Snorg
 23322 | Lair:1   | Entered Level 1 of the Lair of Beasts
 23384 | Lair:1   | Offered knowledge of Lee's Rapid Deconstruction by Vehumet.
 23823 | Lair:1   | Reached skill level 10 in Dodging
 24074 | Lair:1   | Noticed a death yak
 24074 | Lair:1   | Noticed a death yak
 24111 | Lair:1   | Noticed a death yak
 24226 | Lair:1   | Noticed an eight-headed hydra
 24239 | Lair:1   | Killed an eight-headed hydra
 25173 | Lair:2   | Reached XP level 13. HP: 54/57 MP: 24/29
 25539 | Lair:2   | Learned a level 2 spell: Wereblood
 26340 | Lair:3   | Found a gate leading to a gauntlet.
 26351 | Gauntlet | Entered a Gauntlet
 26351 | Gauntlet | Found a transporter.
 26354 | Gauntlet | Found a transporter.
 26372 | Gauntlet | Found a transporter.
 26373 | Gauntlet | Found a transporter.
 26393 | Gauntlet | Found a transporter.
 26406 | Gauntlet | Found a transporter.
 26419 | Gauntlet | Found a transporter.
 26439 | Gauntlet | Found a transporter.
 26443 | Gauntlet | Found a transporter.
 26443 | Gauntlet | Found the ring of the Octopus King
 26447 | Gauntlet | Found a runed translucent door.
 26449 | Gauntlet | Noticed a blizzard demon
 26451 | Gauntlet | Found a transporter.
 26459 | Gauntlet | Found a runed translucent door.
 26484 | Gauntlet | Found a transporter.
 26484 | Gauntlet | Found a transporter.
 26660 | Gauntlet | Learned a level 5 spell: Lee's Rapid Deconstruction
 26918 | Gauntlet | Identified the amulet of Movepipu {Reflect Rampage rPois
                  | Str+7 Slay-3 SH+5}
 27086 | Gauntlet | Identified the +1 shortbow of Ocux {speed, rElec Will+
                  | rCorr}
 27086 | Gauntlet | Identified the ring "Koize" {rPois rC- Will- Str+6 Stlth+}
 27086 | Gauntlet | Noticed a minotaur
 27118 | Gauntlet | Hit by a silver javelin thrown by a minotaur
 27119 | Gauntlet | Reached XP level 12. HP: -4/55 MP: 0/37
 27144 | Gauntlet | Identified the +7 short sword of Execution {drain, rF+
                  | Int+3}
 27532 | Lair:3   | Found a staircase to the Shoals.
 28313 | Lair:3   | Reached ***** piety under Vehumet
 28404 | Lair:3   | Offered knowledge of Iron Shot by Vehumet.
 29178 | Lair:4   | Reached skill level 11 in Dodging
 29967 | Lair:4   | Noticed an eight-headed hydra
 29972 | Lair:4   | Killed an eight-headed hydra
 30189 | Lair:4   | Found a staircase to the Snake Pit.
 31185 | Lair:5   | Noticed a death yak
 31298 | Lair:5   | Noticed Venard's ghost (journeyman MiFi)
 31301 | Lair:5   | Found a transporter.
 31305 | Lair:5   | Found a transporter.
 31305 | Lair:5   | Noticed a boulder beetle
 31308 | Lair:5   | Noticed a five-headed hydra
 31314 | Lair:5   | Killed a five-headed hydra
 31405 | Lair:5   | Reached XP level 13. HP: 59/59 MP: 30/30
 31738 | Lair:5   | Learned a level 6 spell: Iron Shot
 32074 | Lair:5   | Learned a level 5 spell: Irradiate
 32422 | Lair:5   | Reached skill level 1 in Unarmed Combat
 32864 | Lair:6   | Entered Level 6 of the Lair of Beasts
 33126 | Orc:1    | Entered Level 1 of the Orcish Mines
 33192 | Orc:2    | Entered Level 2 of the Orcish Mines
 34159 | D:6      | Bought a book of the Sky for 616 gold pieces
 34683 | Orc:2    | Reached skill level 12 in Dodging
 35693 | Orc:2    | Offered knowledge of Eringya's Noxious Bog by Vehumet.
 36875 | Orc:2    | Found Wimiop's Armour Boutique.
 36919 | Orc:2    | Found a staircase to the Elven Halls.
 37127 | Orc:2    | Found Feuzipia's Distillery.
 37127 | Orc:2    | Found Tubbiorch's Antique Weapon Shoppe.
 37128 | Orc:2    | Found Vyq Teiwk's Antique Weapon Boutique.
 37128 | Orc:2    | Found Juco Zeo's Magic Scroll Boutique.
 37149 | Orc:2    | Bought a potion of haste for 120 gold pieces
 37149 | Orc:2    | Bought a potion of curing for 36 gold pieces
 37246 | Orc:2    | Bought a scroll of teleportation for 42 gold pieces
 37246 | Orc:2    | Bought a scroll of fog for 28 gold pieces
 37246 | Orc:2    | Bought a scroll of fear for 49 gold pieces
 37246 | Orc:2    | Bought a scroll of identify for 28 gold pieces
 37246 | Orc:2    | Bought a scroll of identify for 28 gold pieces
 37261 | Orc:2    | Bought a potion of haste for 120 gold pieces
 37261 | Orc:2    | Bought a potion of haste for 120 gold pieces
 37261 | Orc:2    | Bought a potion of might for 48 gold pieces
 37431 | Orc:1    | Noticed Josephine
 37432 | Orc:1    | Noticed Harold
 37859 | Orc:1    | Killed Josephine
 37860 | Orc:1    | Reached XP level 14. HP: 40/63 MP: 18/32
 39006 | Orc:1    | You fall into a shaft and drop 1 floor!
 39100 | Orc:1    | Offered knowledge of Freezing Cloud by Vehumet.
 39484 | Orc:2    | Killed Harold
 39485 | Orc:2    | Reached skill level 10 in Transmutations
 39834 | D:13     | Killed Jorgrun
 40109 | D:13     | Noticed Sonja
 40148 | D:13     | Killed Sonja
 40354 | D:13     | Found a sparkling altar of Nemelex Xobeh.
 40751 | Lair:1   | Found a sparkling altar of Nemelex Xobeh.
 41277 | Lair:5   | Learned a level 5 spell: Freezing Cloud
 42306 | Lair:5   | Reached ****** piety under Vehumet
 42533 | Lair:5   | Reached skill level 13 in Dodging
 42582 | Lair:5   | Offered knowledge of Spellforged Servitor by Vehumet.
 43530 | Lair:5   | HP: 3/65 [cane toad (19)]
 43955 | Lair:5   | Reached skill level 5 in Unarmed Combat
 44261 | Lair:6   | Reached skill level 10 in Fighting
 44631 | Lair:6   | Found a staircase to the Slime Pits.
 46196 | Lair:6   | Reached XP level 15. HP: 59/69 MP: 28/33
 47838 | D:15     | Entered Level 15 of the Dungeon
 48353 | D:14     | Killed Snorg
 48625 | D:14     | Noticed Agnes
 48997 | D:14     | Noticed Louise
 49343 | D:13     | Killed Frances
 50509 | D:15     | Learned a level 7 spell: Storm Form
 51234 | D:14     | Killed Louise
 51429 | D:14     | Offered knowledge of Ozocubu's Refrigeration by Vehumet.
 52106 | D:15     | Found a staircase to the Depths.
 52490 | D:15     | Reached skill level 14 in Dodging
 52743 | D:14     | Killed Agnes
 53554 | Snake:1  | Entered Level 1 of the Snake Pit
 55422 | Snake:1  | Noticed Nikola
 55433 | Snake:1  | Killed from afar by Nikola
 55434 | Snake:1  | Reached XP level 14. HP: -9/66 MP: 3/33
 55572 | Snake:1  | Killed from afar by Nikola
 55573 | Snake:1  | Reached XP level 13. HP: -6/63 MP: 1/32
 55990 | D:14     | Found a gate to the Vaults.
 56096 | D:15     | Reached skill level 10 in Air Magic
 56163 | D:15     | Reached XP level 14. HP: 60/67 MP: 33/33
 56442 | D:15     | Found a shimmering blue altar of Sif Muna.
 56929 | Depths:1 | Entered Level 1 of the Depths
 56955 | Depths:1 | Cast into level 2 of the Abyss (a wizard)
 56987 | Depths:1 | Escaped the Abyss
 57537 | Elf:1    | Entered Level 1 of the Elven Halls
 60208 | Elf:1    | Offered knowledge of Starburst by Vehumet.
 60792 | Elf:1    | Gained mutation: You occasionally shout uncontrollably at
                  | your foes. [mutagenic glow]
 61008 | Elf:1    | Found Mun Cum's Assorted Antiques.
 61728 | Elf:2    | Reached skill level 15 in Dodging
 63284 | Elf:2    | Reached XP level 15. HP: 57/71 MP: 6/34
 63620 | Elf:2    | Noticed a Hell Sentinel
 63630 | Elf:2    | Noticed a Hell Sentinel
 63632 | Elf:2    | You are sucked into a shaft and drop 1 floor!
 63632 | Elf:3    | Entered Level 3 of the Elven Halls
 64008 | Elf:3    | Noticed Asterion
 64023 | Elf:3    | Killed Asterion
 65203 | Elf:2    | Noticed a deep elf sorcerer
 65214 | Elf:2    | Killed a deep elf sorcerer
 66605 | Elf:2    | Found a runed translucent gate.
 66605 | Elf:2    | Found a runed translucent gate.
 66605 | Elf:2    | Found a runed translucent gate.
 67675 | Snake:1  | Offered knowledge of Lehudib's Crystal Spear by Vehumet.
 68542 | Depths:1 | Noticed the Enchantress
 68570 | Depths:1 | Slain by a spriggan defender

Illustrated notes

Levels and vault maps discovered:
D:1:      mrwooster_arrival_statue_3, layout_basic
D:2:      layout_rooms, roderic_lattice_a, uniq_terence
D:3:      layout_basic, serial_bayou_pond_a, uniq_jessica
D:4:      minmay_spotlight, layout_gridville, general_overflow_altar,
          serial_shops, nicolae_shop_behind_doors
D:5:      layout_loops_corners
D:6:      layout_basic, mainiacjoe_overflow_concentric_impassable, serial_shops,
          nicolae_inconvenience_store
D:7:      kennysheep_steamy, layout_rooms, gammafunk_temple_overflow_elements,
          temple_hall_moat, minmay_misc_feat_columns, nicolae_shop_clearance
D:8:      layout_basic, kennysheep_generic_room_2
D:9:      minmay_chambers_of_sevens, layout_cave_pods, led_xom_imps,
          grunt_decor_fettered, uniq_grum, uniq_pikel
D:10:     layout_basic, lair_entry_dummy, enter_bailey_5,
          chequers_serial_rivers_large_a
D:11:     layout_roguey, serial_shops, shop_coins, nicolae_shop_trees,
          nicolae_shop_stone
D:12:     minmay_inside_and_out, layout_irregular_city, david_orc_2,
          nicolae_shop_fire_sale [nicolae_sub_dead_trees],
          lemuel_zombie_altar_yredelemnul
D:13:     layout_basic, nemelex_lonely_heart_becter, uniq_jorgrun, uniq_frances,
          uniq_sonja
D:14:     layout_loops_cross, david_vaults_5, serial_park_square1
          [serial_park_minivault_5x5_6], serial_shops, shop, uniq_louise,
          uniq_agnes, uniq_snorg
D:15:     gammafunk_depths_entry_grave, layout_irregular_city,
          nicolae_sif_muna_condensation
Lair:1:   layout_chaotic_city, lemuel_centaur_altar, grunt_megastairs_3,
          serial_bayou_shore_b
Lair:2:   layout_small_grid, nicolae_lair_grove_arrangements,
          gammafunk_lair_bear_cave, infiniplex_staircase_pool_2
Lair:3:   layout_gridlike, minmay_shoals_entry_hut, special_room
          [special_room_bee], gauntlet_entry_generic
Lair:4:   layout_cave_pods, minmay_snake_entry_guardpost_small,
          lemuel_fruit_tree
Lair:5:   slaughterhouse, layout_regular_city, nzn_ghost_randoct,
          serial_bayou_shore_a
Lair:6:   gammafunk_lair_ancient_temple, layout_gridlike,
          minmay_slime_entry_eyes, grunt_megastairs_4
Snake:1:  layout_gridlike, portal_ice_cave_entry_pillars_three, special_room,
          guppyfry_library_mini, uniq_nikola
Orc:1:    layout_diamond_mine, uniq_josephine, uniq_harold
Orc:2:    st_orc_elflike, layout_caves, serial_shops, nicolae_shop_statue_plus
Elf:1:    minmay_elf_arrival_circle, layout_loops_cross, serial_shops,
          nicolae_shop_statue_plus, hangedman_elven_crosses_minicolossus
Elf:2:    nicolae_elf_blades_splatter_lattice [nooodl_blade_entry_preview],
          layout_rooms
Elf:3:    elf_hall, layout_loops_cross, st_stairs_11, uniq_asterion
Depths:1: layout_roguey, pf_coc_iceberg, nicolae_wwwww, minivault_16,
          kennysheep_generic_room_8, uniq_enchantress

Skill      XL: |  1  2  3  4  5  6  7  8  9 10 11 12 13 14 15 |
---------------+----------------------------------------------+-----
Dodging        | 3 4 6 7 9 11 12 15 14 | 15.8
Earth Magic    | 3 4 5 6 7 |  7.0
Spellcasting   | 3 4 5 6 7 9 10 12 13 14 | 14.9
Conjurations   | 1 2 3 4 5 6 7 8 9 |  9.8
Fighting       | 2 4 5 6 8 11 10 12 | 12.3
Transmutations | 3 5 6 7 9 12 13 | 13.1
Air Magic      | 2 4 5 7 10 9 11 | 11.2
Unarmed Combat | 7 8 9 |  9.0
Stealth        | |  2.9

Action                   |  1- 3 |  4- 6 |  7- 9 | 10-12 | 13-15 || total
-------------------------+-------+-------+-------+-------+-------++-------
Melee: Unarmed           |    27 |     7 |     4 |    18 |   264 ||   320
       Bite              |       |     1 |     2 |     4 |     2 ||     9
       Punch             |       |       |     1 |     2 |    21 ||    24
 Cast: Sandblast         |    55 |    30 |    16 |    73 |    10 ||   184
       Stone Arrow       |       |    47 |   161 |   553 |   394 ||  1155
       Passwall          |       |       |     2 |       |       ||     2
       Petrify           |       |       |     1 |     4 |     1 ||     6
       Lightning Bolt    |       |       |       |    25 |   260 ||   285
       Airstrike         |       |       |       |     7 |     6 ||    13
       Lee's Rapid Decon |       |       |       |     4 |     4 ||     8
       Irradiate         |       |       |       |       |    29 ||    29
       Iron Shot         |       |       |       |       |   334 ||   334
       Storm Form        |       |       |       |       |    58 ||    58
       Freezing Cloud    |       |       |       |       |     1 ||     1
 Abil: Blinkbolt         |       |       |       |       |     3 ||     3
Evoke: Wand              |       |       |     2 |    13 |    14 ||    29
       Condenser vane    |       |       |       |       |     6 ||     6
       Box of beasts     |       |       |       |       |     2 ||     2
  Use: Scroll            |       |       |     5 |    18 |    25 ||    48
       Potion            |       |       |       |     6 |    15 ||    21
 Stab: Sleeping          |     1 |     1 |       |       |       ||     2
       Petrified         |       |       |     4 |       |       ||     4
       Paralysed         |       |       |       |    15 |       ||    15
       Confused          |       |       |       |       |     1 ||     1
Armor: Skin              |     6 |     2 |     3 |    33 |    69 ||   113
Dodge: Dodged            |    39 |    17 |    31 |   312 |   876 ||  1275
